 Dungeon Crawl Stone Soup version 0.28-a0-664-gc179e30c89 (webtiles) character file.

Game seed: 8756130663966720685

53 cheechan the Shooter (level 3, -2/18 HPs)
             Began as a Spriggan Hunter on Oct 15, 2021.
             Slain by Robin (7 damage)
             ... on level 2 of the Dungeon.
             The game lasted 00:09:26 (1869 turns).

cheechan the Shooter (Spriggan Hunter)              Turns: 1869, Time: 00:09:27

Health: -2/18      AC:  9    Str:  9    XL:     3   Next: 64%
Magic:  4/4        EV: 17    Int: 12    God:
Gold:   88         SH:  0    Dex: 15    Spells: 2/2 levels left

rFire   . . .      SeeInvis +   e - +0 dagger (protect)
rCold   . . .      Faith    .   (shield restricted)
rNeg    . . .      Spirit   .   c - +0 robe
rPois   .          Reflect  .   (helmet restricted)
rElec   .          Harm     .   (no cloak)
rCorr   .          Rampage  .   (gloves unavailable)
Will    .....                   (boots unavailable)
Stlth   ++........              (no amulet)
HPRegen 0.06/turn               (no ring)
MPRegen 0.09/turn               (no ring)

@: under a protective aura, very quick
A: very small, no large weapons, unfitting armour, see invisible, speed 3
a: no special abilities


You were on level 2 of the Dungeon.
You visited 1 branch of the dungeon, and saw 2 of its levels.

You collected 88 gold pieces.

Inventory:

Hand Weapons
 a - a +1 shortbow
 b - a +0 short sword
 e - a +0 dagger of protection (weapon)
Missiles
 f - 3 boomerangs (quivered)
 g - 9 stones
Armour
 c - a +0 robe (worn)
Potions
 h - a potion of heal wounds {unknown}


   Skills:
 + Level 1.8 Fighting
 + Level 0.7 Short Blades
 + Level 6.0 Bows
 + Level 3.0 Dodging
 + Level 2.3 Stealth


You had 2 spell levels left.
You didn't know any spells.
Your spell library was empty.

Dungeon Overview and Level Annotations

Branches:
Dungeon (2/15)

Altars:
Elyvilon

Annotations:
D:2 Robin


Innate Abilities, Weirdness & Mutations

You are very small and have problems with some larger weapons.
You are too small for most types of armour.
You have supernaturally acute eyesight. (SInv)
You cover ground extremely quickly. (Speed+++)


Message History

You barely miss Robin.
Robin is lightly wounded.
The hobgoblin no longer looks unusually strong.
Robin misses you.
You barely miss the goblin. The goblin barely misses you.
Robin laughs in a distinctly smug fashion.
Robin hits you but does no damage.
You hit the goblin.
The goblin is severely wounded.
The goblin completely misses you.
Robin roars a battlecry!
The goblins go into a battle-frenzy!
You miss the goblin.
The goblin is severely wounded.
The goblin barely misses you. Robin barely misses you.
You hit the goblin but do no damage.
The goblin is severely wounded.
The goblin completely misses you.
Robin hits you with a +0 mace of protection.
You hit the goblin.
You kill the goblin!
You hit Robin but do no damage.
Robin is lightly wounded.
Robin says, "Duck!"
Robin hits you with a +0 mace of protection.
* * * LOW HITPOINT WARNING * * *
You barely miss Robin.
Robin is lightly wounded.
Robin hits you but does no damage.
You barely miss Robin.
Robin is lightly wounded.
Robin says, "My goblins will feast on your bones."
Robin barely misses you.
You hit Robin but do no damage.
Robin is lightly wounded.
Robin misses you.
You hit Robin but do no damage.
Robin is lightly wounded.
Robin hits you with a +0 mace of protection!
You die...

##.# #.# ....... #.#
#.# .....(. #.# #.#
....... #.# #.#
###....... #.# #.#
#..((..... #.# #.#
#.g(?..... #.# #.#
#...###### #.#
#.#####(..# #.#
#..)@gg(.(+ #.#
#######)(.# #.# ######
#.##########...########
#..........'..........
############........#
#........# ##........#
#.........+


You could see Robin and a hobgoblin (strong).

Vanquished Creatures
  A dart slug (D:2)
  4 bats (D:1)
  5 endoplasms (D:1)
  10 goblins
  9 hobgoblins
  3 quokkas
  3 ball pythons
  3 frilled lizards (D:1)
  4 kobolds (D:1)
  2 rats (D:1)
44 creatures vanquished.

Notes
Turn   | Place    | Note
-------+----------+-------------------------------------------
     0 | D:1      | cheechan the Spriggan Hunter began the quest for the Orb.
     0 | D:1      | Reached XP level 1. HP: 10/10 MP: 2/2
   223 | D:1      | Reached skill level 5 in Bows
   420 | D:1      | Reached XP level 2. HP: 14/14 MP: 3/3
   623 | D:1      | Found a faded altar of an unknown god.
  1322 | D:1      | Reached XP level 3. HP: 9/18 MP: 4/4
  1703 | D:2      | Found a white marble altar of Elyvilon.
  1833 | D:2      | Reached skill level 6 in Bows
  1836 | D:2      | Noticed Robin
  1869 | D:2      | Slain by Robin

Illustrated notes

Levels and vault maps discovered:
D:1:      wander_arrival_desolate, layout_loops_corners,
          hellmonk_ecumenical_altar_lost_god
D:2:      layout_basic, basic_altar, uniq_robin

Skill      XL: |  1  2  3 |
---------------+----------+-----
Bows           | 5 6 |  6.0
Stealth        | 2 |  2.3
Dodging        | 3 |  3.0
Fighting       | |  1.8
Short Blades   | |  0.7

Action                   || total
-------------------------++-------
Melee: Shortbow          ||     5
       Short sword       ||     4
       Dagger            ||   107
 Fire: Shortbow          ||    67
Throw: Boomerang         ||     1
Armor: Robe              ||    27
Dodge: Dodged            ||   133

Table legend: (Time is in decaauts)
 A = Elapsed time spent in this place.
 B = Non-inter-level travel time spent in this place.
 C = Inter-level travel time spent in this place.
 D = Time resting spent in this place.
 E = Time spent auto-exploring this place.
 F = Levels seen in this place.
 G = Mean time per level.
                   A        B        C        D        E       F      G
               +--------+--------+--------+--------+--------+-----+--------+
         Total |   1488 |   1488 |      0 |    664 |      0 |   2 |  744.0 |
       Dungeon |   1488 |   1488 |      0 |    664 |      0 |   2 |  744.0 |
               +--------+--------+--------+--------+--------+-----+--------+

Top non-repeatable levels by time:
     D:1: 1229 daAuts
     D:2: 259 daAuts
